[Event "*** Titled Tuesday Blitz"]
[Site "Chess.com"]
[Date "2020.04.28"]
[Round "4"]
[White "GodDMuhammad"]
[Black "Milchone1"]
[Result "0-1"]
[WhiteElo "2205"]
[BlackElo "2499"]
[TimeControl "180+1"]
[EndTime "10:40:04 PDT"]
[Termination "Milchone1 won on time"]

1. e4 e5 2. f4 exf4 3. Nf3 g5 4. Bc4 Bg7 5. d4 h6 6. c3 d6 7. O-O Nc6 8. b4 Nf6 9. Nbd2 O-O 10. a4 Bg4 11. a5 a6 12. Qb3 Qd7 13. Ra2 Rae8 14. Bd3 Bh5 15. b5 axb5 16. Qxb5 Nd8 17. Qb1 Bg6 18. Ba3 Ng4 19. Bb5 c6 20. Bd3 Ne6 21. e5 Bxd3 22. Qxd3 dxe5 23. Bxf8 Rxf8 24. Nb3 Ne3 25. Rb1 Qd5 26. Ne1 exd4 27. cxd4 Nxd4 28. Rd2 c5 29. Nxd4 cxd4 30. Nf3 Rd8 31. Rb5 Qc6 32.
h3 Qc1+ 33. Kf2 Qh1 34. Ne1 Rc8 35. Rxb7 g4 36. hxg4 Qh4+ 37. Kf3 Qxe1 38. Rf2 Nd5 39. g3 Rc3 40. Rb8+ Bf8 0-1

[Event "*** Titled Tuesday Blitz"]
[Site "Chess.com"]
[Date "2020.04.28"]
[Round "4"]
[White "AlphalphaZero"]
[Black "ulkaf961"]
[Result "1-0"]
[WhiteElo "2489"]
[BlackElo "2189"]
[TimeControl "180+1"]
[EndTime "10:40:04 PDT"]
[Termination "AlphalphaZero won by resignation"]

1. e4 e6 2. d4 d5 3. Nd2 a6 4.
Ngf3 c5 5. dxc5 Nf6 6. e5 Nfd7 7. a3 Bxc5 8. b4 Bb6 9. Bd3 Nc6 10.
Bb2 O-O 11. O-O f5 12. c4 dxc4 13. Nxc4 Bc7 14. Qe2 Nb6 15. Rad1 Nd5 16. Qc2 Qe8 17. Rfe1 Qg6 18. Nd6 Bd7 19. Nxf5 exf5 20. Bc4 Kh8 21.
Bxd5 Rae8 22. Qc3 Be6 23. Bxc6 bxc6 24. Qxc6 Bb8 25. Qxa6 Qg4 26. h3 Qh5 27. Nd4 Bd5 28. Nc6 Bxc6 29. Qxc6 Rc8 30. Qd5 Rfe8 31. e6 f4 32. Qd7 Qg6 33. Qf7 Qxf7 34. exf7 Rf8 35. Rd7 h6 36. Bd4 Kh7 37. Bc5 Kg6 38. Bxf8 Rxf8 39.
Re8 1-0

[Event "*** Titled Tuesday Blitz"]
[Site "Chess.com"]
[Date "2020.04.28"]
[Round "4"]
[White "VojtechPlat"]
[Black "Art10ECHR"]
[Result "0-1"]
[WhiteElo "2755"]
[BlackElo "2380"]
[TimeControl "180+1"]
[EndTime "10:40:04 PDT"]
[Termination "Art10ECHR won by resignation"]

1. e4 c5 2. Nf3 Nc6 3. c3 e6 4. d4 d5 5. exd5 exd5 6. Bb5 Nf6 7. O-O cxd4 8. Nxd4 Bd7 9. Bg5 Be7 10. Bxf6 Bxf6 11.
Re1+ Kf8 12. Nf3 Be6 13. Nbd2 g6 14. Nb3 Kg7 15. Nbd4 Bd7 16. Bxc6 bxc6 17. Ne5 Qc7 18. Nxd7 Qxd7 19. Qa4 Rac8 20. Rad1 Rhd8 21. Qa6 c5 22. Nf3 Rb8 23. Re2 Rb6 24. Qd3 Rdb8 25. b3 Rd6 26. h3 Rd8 27. Red2 Qe6 28. c4 dxc4 29. Qxd6 Rxd6 30.
Rxd6 Qe2 31. R6d2 Qe4 32. Re1 Qf4 33. Rc2 c3 34. Ree2 a5 35. Ne1 a4 36. bxa4 Qxa4 37. Kf1 Bd4 38. Nd3 Qc4 39. Nc1 h5 40. Nb3 h4 41. Nc1 g5 42. a3 Kg6 43. Ke1 f5 44. Ra2 g4 45. a4 g3 46. f3 Qd5 47. a5 Bf2+ 48. Rxf2 gxf2+ 49. Kxf2 Qd4+ 50. Ke2 Qc4+ 51. Kd1 Qd4+ 52. Kc2 Qd2+ 53. Kb1 c2+ 54. Kb2 c4 55. Ra3 Qb4+ 56. Kxc2 Qxa3 0-1

[Event "*** Titled Tuesday Blitz"]
[Site "Chess.com"]
[Date "2020.04.28"]
[Round "4"]
[White "Riptide27"]
[Black "Riazantsev"]
[Result "1/2-1/2"]
[WhiteElo "2478"]
[BlackElo "2659"]
[TimeControl "180+1"]
[EndTime "10:40:05 PDT"]
[Termination "Game drawn - insufficient material"]

1. d4 e6 2. c4 b6 3. Nc3 Bb4 4. Nf3 Bb7 5. e3 f5 6. Bd2 Nf6 7. Bd3 O-O 8. O-O d6 9. Rc1 Nbd7 10. a3 Bxc3 11. Bxc3 Ne4 12. Nd2 Qh4 13. f3 Nxc3 14.
Rxc3 c5 15. Qe1 Qf6 16. Qf2 f4 17. dxc5 Nxc5 18. Bc2 a5 19. exf4 Qxf4 20. b4 axb4 21. axb4 Nd7 22. Be4 Ra2 23. Bxb7 Rxd2 24. Qe3 Ne5 25.
Qxf4 Rxf4 26. Be4 d5 27. cxd5 exd5 28. Rc8+ Kf7 29. Bxh7 Rxb4 30. Rfc1 Rbb2 31. R8c2 Rbxc2 32. Rxc2 Rxc2 33. Bxc2 b5 34. Kf2 Ke6 35. Ke3 b4 36. h4 Nc6 37. g4 Na5 38. h5 b3 39. Bf5+ Kf6 40. Kf4 Nc4 41. g5+ Kf7 42. h6 gxh6 43.
gxh6 b2 44. Bd3 Kf6 45. Bc2 Na3 46. Bd3 b1=Q 47. Bxb1 Nxb1 48. h7 Kg7 49. Ke5 Nc3 50. Kd4 Ne2+ 51. Kxd5 Kxh7 52. f4 Nxf4+ 1/2-1/2

[Event "*** Titled Tuesday Blitz"]
[Site "Chess.com"]
[Date "2020.04.28"]
[Round "4"]
[White "eljanov"]
[Black "belisarius64"]
[Result "1-0"]
[WhiteElo "2890"]
[BlackElo "2626"]
[TimeControl "180+1"]
[EndTime "10:40:06 PDT"]
[Termination "eljanov won on time"]

1. Nf3 Nf6 2. g3 g6 3. Bg2 Bg7 4. c4 c6 5. O-O d5 6. d4 O-O 7.
Qb3 a5 8. Rd1 Bf5 9. Qxb7 Na6 10. Bf4 Nb4 11. Nc3 Ne8 12. cxd5 Nd6 13. Bxd6 Qxd6 14.
Qb6 Rfb8 15. Qc5 Qxc5 16. dxc5 cxd5 17. Nh4 Be6 18. Nxd5 Nxd5 19. Bxd5 Bxd5 20. Rxd5 Rxb2 21. Rc1 e6 22. Rd7 Rc8 23. c6 Rxa2 24. Nf3 Bf6 25.
Nd2 a4 26. Ne4 Kg7 27. Nxf6 Kxf6 28. c7 Rb2 29. Rd8 1-0

[Event "*** Titled Tuesday Blitz"]
[Site "Chess.com"]
[Date "2020.04.28"]
[Round "4"]
[White "ChessQueen"]
[Black "dimke2802"]
[Result "1-0"]
[WhiteElo "2730"]
[BlackElo "2501"]
[TimeControl "180+1"]
[EndTime "10:40:07 PDT"]
[Termination "ChessQueen won by resignation"]

1. Nf3 Nf6 2. g3 g6 3. Bg2 Bg7 4. O-O O-O 5. d4 d6 6. c4 c6 7. Nc3 Bf5 8. Re1 Ne4 9. Nh4 Nxc3 10. bxc3 Be6 11. Qd3 Qa5 12. e4 Qa6 13. Bf1 c5 14. Bg5 Re8 15. Be3 Nc6 16. f4 Bc8 17. e5 dxe5 18.
fxe5 Be6 19. d5 Nxe5 20. Qe4 Bd7 21. Bxc5 Rac8 22. Bd4 Nxc4 23. Bxg7 Kxg7 24. Nf3 Bf5 25.
Qf4 Qb6+ 26. Kh1 Nd6 27. g4 Bd7 28. c4 Qc5 29. Rac1 b6 30. Ne5 Ba4 31. Rc3 f6 32. Nd3 Qc7 33. Qe3 Nxc4 34. Qc1 b5 35. Nf4 Qb7 36.
Ne6+ Kh8 37. Qh6 Rg8 38. Rh3 Qxd5+ 39. Bg2 1-0

[Event "*** Titled Tuesday Blitz"]
[Site "Chess.com"]
[Date "2020.04.28"]
[Round "4"]
[White "NewBornNow"]
[Black "Piotrek1979"]
[Result "0-1"]
[WhiteElo "2615"]
[BlackElo "2412"]
[TimeControl "180+1"]
[EndTime "10:40:07 PDT"]
[Termination "Piotrek1979 won by resignation"]

1. e4 c6 2. d4 d5 3. e5 Bf5 4.
Nf3 e6 5. Be2 Ne7 6. O-O Nd7 7.
Nbd2 h6 8. a4 a5 9. Nb3 b6 10.
c3 g5 11. Ne1 Bg6 12. f4 Nf5 13. Bd3 gxf4 14. Bxf4 h5 15. Nd2 Be7 16. Ndf3 h4 17. Nc2 Rg8 18. Ne3 Nxe3 19. Bxe3 Qc7 20. Rb1 c5 21. Bxg6 Rxg6 22. Qe1 h3 23. g3 O-O-O 24. Qe2 Kb7 25. Kh1 Rdg8 26. Bf4 Rg4 27. b3 Qc6 28. Rbd1 Nf8 29. c4 dxc4 30. bxc4 cxd4 31. Rxd4 Bc5 32. Rd2 Ng6 33. Bh6 Re4 34. Qd3 Nxe5 35. Nxe5 Rxe5+ 36. Qf3 Qxf3+ 37. Rxf3 Re1+ 0-1

[Event "*** Titled Tuesday Blitz"]
[Site "Chess.com"]
[Date "2020.04.28"]
[Round "4"]
[White "RubensCezila"]
[Black "Ave_Mariia"]
[Result "1-0"]
[WhiteElo "2469"]
[BlackElo "2283"]
[TimeControl "180+1"]
[EndTime "10:40:07 PDT"]
[Termination "RubensCezila won by resignation"]

1. Nf3 d6 2. b3 e5 3. c4 g6 4. Bb2 Bg7 5. g3 f5 6. Bg2 Nf6 7. O-O O-O 8. d3 c6 9. c5 e4 10. dxe4 fxe4 11. Ng5 d5 12. f3 h6 13. Nh3 exf3 14. exf3 Nbd7 15. Nf4 Nxc5 16. Nxg6 Re8 17. Qd2 Bf5 18. Nh4 Bh7 19. Bd4 Ne6 20. Bb2 c5 21. Bh3 Nd4 22. Bxd4 cxd4 23. Nf5 Qb6 24. Kh1 Bxf5 25.
Bxf5 d3 26. Qxd3 Ne4 27. Qxd5+ Kh8 28. Bxe4 Bxa1 29. Nd2 Qd4 30. Qf7 Qg7 31. Qf5 Bc3 32. Nc4 Rac8 33. Nd6 Re5 34. Qxc8+ 1-0

[Event "*** Titled Tuesday Blitz"]
[Site "Chess.com"]
[Date "2020.04.28"]
[Round "4"]
[White "CraiggoryC"]
[Black "kakakz"]
[Result "0-1"]
[WhiteElo "2073"]
[BlackElo "2396"]
[TimeControl "180+1"]
[EndTime "10:40:07 PDT"]
[Termination "kakakz won on time"]

1. e4 c5 2. Nc3 d6 3. f4 g6 4. Nf3 Bg7 5. Bb5+ Bd7 6. Bxd7+ Qxd7 7. O-O Nc6 8. d3 e6 9. Qe1 Nge7 10. f5 gxf5 11. Qg3 Rg8 12. Qh3 O-O-O 13. Nh4 Nd4 14. Rf2 Be5 15. Be3 Rg7 16. Raf1 Rdg8 17. exf5 Nexf5 18. Nxf5 Nxf5 19. Nd1 Nxe3 20. Nxe3 Bxb2 21. Kh1 Bd4 22. Re2 Qc6 23. Qf3 Qxf3 24. Rxf3 Bxe3 25. Rfxe3 Kd7 26. c4 Rg4 27. g3 R8g6 28. Rb2 b6 29. a4 Rf6 30. a5 Kc6 31. axb6 axb6 32. Kg2 Rd4 33. Ra2 Kb7 0-1

[Event "*** Titled Tuesday Blitz"]
[Site "Chess.com"]
[Date "2020.04.28"]
[Round "4"]
[White "GmSergioBarrientos"]
[Black "gui_borba"]
[Result "0-1"]
[WhiteElo "2583"]
[BlackElo "2379"]
[TimeControl "180+1"]
[EndTime "10:40:09 PDT"]
[Termination "gui_borba won by checkmate"]

1. d4 Nf6 2. c4 e6 3. Nf3 c5 4. Nc3 cxd4 5. Nxd4 Qc7 6. g3 Qxc4 7. Bg2 a6 8. O-O Nc6 9. Nb3 d5 10. Bg5 Be7 11.
Rc1 Qb4 12. a3 Qg4 13. Qd2 O-O 14. h3 Qf5 15. Rfe1 h6 16. Be3 Rd8 17. Na4 d4 18.
Bxd4 e5 19. Nb6 Rb8 20. Bxc6 bxc6 21. Qe3 exd4 22. Qxe7 Re8 23. Qc7 Rb7 24. Qxc6 Qxh3 25. Nxc8 Rxb3 26. Nd6 Re6 27. Qa8+ Kh7 28. Nxf7 Re4 29.
Qc8 Rxg3+ 30. fxg3 Qxg3+ 31. Kf1 Rf4# 0-1

[Event "*** Titled Tuesday Blitz"]
[Site "Chess.com"]
[Date "2020.04.28"]
[Round "4"]
[White "agus_k"]
[Black "KaterinaMiroshnik"]
[Result "1-0"]
[WhiteElo "2595"]
[BlackElo "2396"]
[TimeControl "180+1"]
[EndTime "10:40:09 PDT"]
[Termination "agus_k won by checkmate"]

1. e4 e6 2. d4 d5 3. Nc3 Nf6 4. f3 Bb4 5. Bd3 c5 6. a3 Bxc3+ 7. bxc3 c4 8. Bf1 dxe4 9. fxe4 Qc7 10. e5 Nd5 11. Bd2 Nd7 12. Qg4 g6 13. Nf3 h5 14.
Qh4 b5 15. Be2 Bb7 16. O-O Qd8 17. Ng5 Rf8 18. Qf2 Nxc3 19. Bf3 Nd5 20. Ne4 Qb6 21. Bg5 Nb8 22. Nd6+ Kd7 23. Rab1 Bc6 24. Nxc4 Qc7 25. Nd6 Na6 26. Nxb5 Bxb5 27. Rxb5 Qc6 28. Rfb1 Nac7 29. Rb7 Rac8 30. Qf1 Qxc2 31. Rc1 Qa4 32. Bxd5 exd5 33. Qf6 Qxa3 34. Qc6# 1-0

[Event "*** Titled Tuesday Blitz"]
[Site "Chess.com"]
[Date "2020.04.28"]
[Round "4"]
[White "freshfoodcompany"]
[Black "pichonazo"]
[Result "0-1"]
[WhiteElo "2197"]
[BlackElo "2429"]
[TimeControl "180+1"]
[EndTime "10:40:09 PDT"]
[Termination "pichonazo won on time"]

1. d4 Nf6 2. c4 g6 3. Nc3 d5 4.
cxd5 Nxd5 5. Bd2 Bg7 6. Nf3 O-O 7. Rc1 Nb6 8. e3 Nc6 9. Bb5 Bd7 10. O-O a6 11. Bd3 e5 12. d5 Nb4 13. Be1 N4xd5 14.
Nxd5 Nxd5 15. Bxg6 hxg6 16. Qxd5 Bc6 17. Qxd8 Raxd8 18. Bc3 f6 19. Rfd1 Kf7 20. Rd2 Rxd2 21. Nxd2 Rd8 22.
Nc4 Bd5 23. Rd1 Ke8 24. Na5 b6 25. Nb3 a5 26. Rd2 Bf8 27. Nc1 a4 28. f4 exf4 29.
Bxf6 fxe3 30. Re2 Rd7 31. Rxe3+ Kf7 32. Bd4 Bxg2 33. Bxb6 Bb7 34. Nd3 cxb6 35. Ne5+ Ke6 36. Nxg6+ Kf6 37. Nxf8 Rd2 38. Nh7+ Kf5 39. Re1 Rg2+ 40.
Kf1 Rxh2 41. Nf8 Be4 42. Nd7 Kf4 43. Nxb6 Rxb2 0-1

[Event "*** Titled Tuesday Blitz"]
[Site "Chess.com"]
[Date "2020.04.28"]
[Round "4"]
[White "Meri-Arabidze"]
[Black "Batica1984"]
[Result "0-1"]
[WhiteElo "2625"]
[BlackElo "2809"]
[TimeControl "180+1"]
[EndTime "10:40:10 PDT"]
[Termination "Batica1984 won by resignation"]

1. Nf3 c5 2. c4 Nc6 3. Nc3 g6 4.
e3 Bg7 5. d4 d6 6. Be2 e6 7. O-O Nge7 8. d5 exd5 9. cxd5 Ne5 10.
Nxe5 Bxe5 11. e4 Bg7 12. Bf4 a6 13. a4 O-O 14. Qd2 f5 15. Rae1 fxe4 16. Nxe4 Nf5 17. Ng5 Nd4 18. Bc4 Qf6 19. Bg3 b5 20. Ba2 Bh6 21.
f4 Bf5 22. Ne6 Rfe8 23. Nc7 Rxe1 24. Rxe1 Rc8 25. Ne6 bxa4 26. Bc4 Rb8 27. Qa5 Nxe6 28. dxe6 Qd4+ 29. Bf2 Qxc4 30. e7 Re8 31. Qd8 Kf7 32. Qxd6 Bxf4 33. Qd8 Bg5 0-1

[Event "*** Titled Tuesday Blitz"]
[Site "Chess.com"]
[Date "2020.04.28"]
[Round "4"]
[White "eightbyeightchess"]
[Black "fidezivkovic"]
[Result "1-0"]
[WhiteElo "2489"]
[BlackElo "2303"]
[TimeControl "180+1"]
[EndTime "10:40:10 PDT"]
[Termination "eightbyeightchess won by resignation"]

1. e4 c5 2. Nf3 g6 3. d4 cxd4 4. Nxd4 Nc6 5. Nc3 Nf6 6. Be2 Bg7 7. Be3 O-O 8. f4 d6 9. Nb3 Be6 10. g4 d5 11. f5 Bc8 12. exd5 Nb4 13. Bf3 gxf5 14. g5 Ng4 15. Bc5 a5 16. a3 Na6 17.
Bd4 e5 18. dxe6 Qxg5 19. Bxg4 fxg4 20. O-O Bxe6 21. Bxg7 Qxg7 22. Ne4 Rfd8 23. Nf6+ Kh8 24. Qe1 Rac8 25. Nxa5 Rxc2 26. Rd1 Rdc8 27. Nxb7 Rxb2 28. Qe4 Rb8 29. Rd8+ Rxd8 30. Nxd8 Nc5 31. Qd4 Nb3 32. Qxb2 1-0

[Event "*** Titled Tuesday Blitz"]
[Site "Chess.com"]
[Date "2020.04.28"]
[Round "4"]
[White "Chessterra87"]
[Black "IamSchrodingersCat"]
[Result "1-0"]
[WhiteElo "2314"]
[BlackElo "2453"]
[TimeControl "180+1"]
[EndTime "10:40:10 PDT"]
[Termination "Chessterra87 won on time"]

1. e4 c5 2. c3 g6 3. d4 cxd4 4. cxd4 d5 5. Qb3 dxe4 6. Bc4 e6 7.
d5 Nf6 8. dxe6 fxe6 9. Bxe6 Bxe6 10. Qxe6+ Qe7 11. Qc8+ Kf7 12. Nc3 Bg7 13. Qc4+ Qe6 14. Qxe6+ Kxe6 15. Nge2 Nc6 16. O-O Rhe8 17. h3 h6 18. Be3 a6 19. Nd4+ Nxd4 20. Bxd4 Kf5 21. Rfe1 Rad8 22. Rad1 h5 23. Be3 b5 24. Ne2 h4 25.
Nd4+ Rxd4 26. Bxd4 Bh6 27. Bxf6 Kxf6 28. Rd6+ Kf5 29.
Rxa6 e3 30. fxe3 Bxe3+ 31. Kf1 Ke4 32. Ke2 g5 33. a4 b4 34. Rd6 Re5 35. b3 Bc5 36. Rd3 Kf4+ 37. Kd2 1-0

[Event "*** Titled Tuesday Blitz"]
[Site "Chess.com"]
[Date "2020.04.28"]
[Round "4"]
[White "Alexander_Moskalenko"]
[Black "PIwan"]
[Result "1-0"]
[WhiteElo "2873"]
[BlackElo "2542"]
[TimeControl "180+1"]
[EndTime "10:40:11 PDT"]
[Termination "Alexander_Moskalenko won on time"]

1. d4 e6 2. c4 f5 3. g3 Nf6 4.
Bg2 d5 5. Nf3 c6 6. Nc3 Bd6 7.
Qc2 O-O 8. Rb1 Qe7 9. O-O Ne4 10. b4 Bxb4 11. Nxe4 fxe4 12. Bg5 Qd6 13. c5 Qc7 14. Rxb4 exf3 15. exf3 Na6 16. Rb3 e5 17. dxe5 Qxe5 18.
Bd2 Bf5 19. Qc1 Rf7 20. Bf4 Qd4 21. Bd6 Re8 22. Rd1 Qc4 23. Re3 Rd8 24. Qxc4 dxc4 25. Bf1 Bd3 26. Bxd3 cxd3 27. Rdxd3 Nb4 28. Ra3 Nd5 29.
Re1 b5 30. cxb6 axb6 31. Be5 Nb4 32. Rb1 Nd3 33. f4 b5 34. Rc3 h6 35. Rxc6 Nxe5 36.
fxe5 Rd2 37. Rf1 Rxa2 38. Rb6 Rb2 39. f4 Rd7 40. Rf2 Rb1+ 41. Kg2 b4 42. e6 Re7 43. f5 Kh7 44. g4 b3 45. h3 1-0

[Event "*** Titled Tuesday Blitz"]
[Site "Chess.com"]
[Date "2020.04.28"]
[Round "4"]
[White "druskacik"]
[Black "Andrii_Prydun"]
[Result "1-0"]
[WhiteElo "2545"]
[BlackElo "2339"]
[TimeControl "180+1"]
[EndTime "10:40:11 PDT"]
[Termination "druskacik won on time"]

1. e4 d5 2. exd5 Qxd5 3. Nc3 Qd6 4. d4 c6 5. Nf3 Bg4 6. Be2 Nd7 7.
h3 Bh5 8. O-O e6 9. Ne4 Qb4 10.
c3 Qb6 11. a4 Ngf6 12. Ng3 Bg6 13. a5 Qd8 14. b4 Be7 15. Re1 O-O 16. Bc4 b6 17. Bd2 c5 18. dxc5 bxc5 19. Qb3 Kh8 20. b5 Qc7 21. Red1 Bd6 22. Nf1 Bh5 23. g4 Bg6 24. Bg5 Be4 25. Be2 Rab8 26. c4 a6 27. b6 Qc6 28. Qe3 Ne5 29. Rxd6 Qxd6 30. Bxf6 Nxf3+ 31. Bxf3 1-0

[Event "*** Titled Tuesday Blitz"]
[Site "Chess.com"]
[Date "2020.04.28"]
[Round "4"]
[White "Jabberwockiez"]
[Black "louis198"]
[Result "0-1"]
[WhiteElo "2287"]
[BlackElo "2470"]
[TimeControl "180+1"]
[EndTime "10:40:11 PDT"]
[Termination "louis198 won by resignation"]

1. e4 e6 2. d4 d5 3. Nc3 dxe4 4.
Nxe4 Bd7 5. Nf3 Bc6 6. Bd3 Nd7 7. O-O Ngf6 8. Qe2 Be7 9. c4 O-O 10. Nc3 b6 11. Ne5 Bb7 12. Bg5 h6 13. Bf4 c5 14.
Nb5 cxd4 15. Nxd4 Bc5 16. Ndc6 Qc8 17. b4 Bxc6 18. bxc5 Nxc5 19. Bc2 Be4 20. Rac1 Qb7 21. f3 Bxc2 22. Rxc2 Rad8 23. Rd1 Qc8 24. g4 Rxd1+ 25. Qxd1 Rd8 26. Qe2 Nfd7 27. g5 Nxe5 28. Bxe5 hxg5 29. Qe3 f6 30. Bd4 e5 31. Bc3 Rd3 32. Qe1 Rxf3 33. Qd1 Rd3 34. Qh5 Qd7 35. Be1 Rd1 36. Rf2 Rxe1+ 37. Kg2 Qc6+ 38. Kg3 Rg1+ 39. Kh3 Qe6+ 0-1

[Event "*** Titled Tuesday Blitz"]
[Site "Chess.com"]
[Date "2020.04.28"]
[Round "4"]
[White "praveenb2002"]
[Black "OparinGrigoriy"]
[Result "0-1"]
[WhiteElo "2714"]
[BlackElo "2918"]
[TimeControl "180+1"]
[EndTime "10:40:12 PDT"]
[Termination "OparinGrigoriy won by checkmate"]

1. d4 Nf6 2. c4 e6 3. Nc3 Bb4 4. f3 d5 5. a3 Be7 6. e4 dxe4 7. fxe4 c5 8. d5 exd5 9. exd5 O-O 10. Be2 Bd6 11.
Nf3 Bg4 12. O-O Nbd7 13. h3 Bxf3 14. Bxf3 Re8 15. Bg5 h6 16. Bh4 Qb6 17. Qc2 Re3 18. Rae1 Rae8 19. Rxe3 Rxe3 20. Re1 Rxe1+ 21. Bxe1 Be5 22.
Bf2 Bd4 23. Kf1 Bxf2 24. Kxf2 Qd6 25. Qd2 a6 26. Qe3 Ne5 27. Be2 b6 28. Nb1 Kh7 29.
Nd2 g6 30. b3 Kg7 31. Kg1 h5 32. Qc3 Ned7 33. Ne4 Qf4 34. Nxf6 Qxf6 35. Qxf6+ Kxf6 36. Kf2 Ke5 37. Ke3 h4 38. Bd3 f5 39. Bc2 Nf6 40.
Bb1 Ne8 41. Bc2 Nd6 42. Bd1 g5 43. Bh5 b5 44. Be2 bxc4 45. bxc4 a5 46. Bf1 g4 47.
Be2 f4+ 48. Kd3 f3 49. gxf3 gxh3 50. Ke3 h2 51. f4+ Kf5 52. Bf3 Nxc4+ 53. Kd3 Kxf4 54.
Bh1 Nd6 55. Ke2 c4 56. Kf2 Ke5 57. Ke3 Nf5+ 58. Kd2 Kd4 59. Bg2 c3+ 60. Kc2 Ne3+ 61. Kb3 Nxg2 62. d6 h1=Q 63. d7 Qb1+ 64. Ka4 Kc4 65. d8=Q Qb5# 0-1

[Event "*** Titled Tuesday Blitz"]
[Site "Chess.com"]
[Date "2020.04.28"]
[Round "4"]
[White "Anna_ChessMate"]
[Black "Shield12"]
[Result "0-1"]
[WhiteElo "2536"]
[BlackElo "2849"]
[TimeControl "180+1"]
[EndTime "10:40:13 PDT"]
[Termination "Shield12 won by resignation"]

1. d4 Nf6 2. c4 e6 3. Nf3 b6 4. g3 Bb7 5. Bg2 Be7 6. O-O O-O 7. d5 exd5 8. Nh4 c6 9. cxd5 Nxd5 10. Nf5 Nc7 11. e4 d5 12. Nc3 Bf6 13. Bf4 Bc8 14. Nd6 g5 15. Nxc8 gxf4 16. Bh3 d4 17. Qg4+ Bg7 18. Ne2 Ne6 19. gxf4 Qxc8 20. f5 Nc5 21. Kh1 Kh8 22. Rg1 Bf6 23. Ng3 Nbd7 24. Nh5 Qd8 25. f3 Nd3 26. Qg2 Qe7 27. Qd2 N3e5 28. Rg3 Rg8 29. f4 Nc4 30. Qd3 Ne3 31. e5 Nxe5 32. fxe5 Bxe5 33. Rxg8+ Rxg8 34. Qe4 f6 35. Nf4 Qg7 36.
Ne6 Qh6 37. Qf3 Ng4 38. Bxg4 0-1

[Event "*** Titled Tuesday Blitz"]
[Site "Chess.com"]
[Date "2020.04.28"]
[Round "4"]
[White "FightingChess"]
[Black "ulises2013"]
[Result "0-1"]
[WhiteElo "2371"]
[BlackElo "2622"]
[TimeControl "180+1"]
[EndTime "10:40:13 PDT"]
[Termination "ulises2013 won by resignation"]

1. e4 g6 2. d4 Bg7 3. Nc3 c5 4. Nf3 Qa5 5. Be3 Nf6 6. Qd2 Nc6 7. d5 Nb4 8. Bd3 O-O 9. O-O Nxd3 10. cxd3 d6 11.
h3 b5 12. Bh6 b4 13. Nd1 e6 14. Bxg7 Kxg7 15. dxe6 Bxe6 16. Ne3 d5 17. e5 Nd7 18.
d4 c4 19. a3 c3 20. bxc3 bxc3 21.
Qd3 Rfc8 22. Rfc1 Nb6 23. Rc2 Na4 24. h4 Rab8 25. Rac1 Qb5 26. Qd1 Qb3 27. Ng5 Qxa3 28. Qf3 Qe7 29. Ng4 Rb2 30. Nf6 Rxc2 31. Rxc2 Rb8 32. h5 Bf5 33. Rc1 c2 34. hxg6 Rb1 35. gxh7 Rxc1+ 36. Kh2 Rh1+ 37. Kxh1 c1=Q+ 38. Kh2 Qxg5 39.
Nh5+ Kxh7 40. Ng3 Bg6 0-1

[Event "*** Titled Tuesday Blitz"]
[Site "Chess.com"]
[Date "2020.04.28"]
[Round "4"]
[White "Nbk90"]
[Black "PetrolulSah"]
[Result "1-0"]
[WhiteElo "2574"]
[BlackElo "2209"]
[TimeControl "180+1"]
[EndTime "10:40:13 PDT"]
[Termination "Nbk90 won on time"]

1. e4 e5 2. Nf3 Nc6 3. Bb5 a6 4. Ba4 Nf6 5. d3 b5 6. Bb3 Be7 7. a3 O-O 8. Nc3 d6 9. O-O Nb8 10. h3 Nbd7 11. Re1 Bb7 12. Ba2 c5 13. Nd2 b4 14.
axb4 cxb4 15. Ne2 d5 16. Ng3 dxe4 17. Ndxe4 Nxe4 18. dxe4 Nc5 19. Qf3 Ne6 20. Be3 Bc5 21. Bxe6 Bxe3 22. Bxf7+ Rxf7 23. Qxe3 Rf4 24. Rad1 Qf8 25.
Rd7 Bc6 26. Rd2 a5 27. f3 Rf6 28. Nf5 a4 29. Red1 a3 30. b3 Bb5 31. Qg5 Kh8 32.
Rd8 Rxd8 33. Rxd8 Rxf5 34. exf5 1-0

[Event "*** Titled Tuesday Blitz"]
[Site "Chess.com"]
[Date "2020.04.28"]
[Round "4"]
[White "sergoy"]
[Black "Mr_Sinigami"]
[Result "1-0"]
[WhiteElo "2858"]
[BlackElo "2540"]
[TimeControl "180+1"]
[EndTime "10:40:14 PDT"]
[Termination "sergoy won by resignation"]

1. e4 c5 2. Nf3 Nc6 3. Bb5 g6 4. Bxc6 bxc6 5. O-O Bg7 6. c3 Nf6 7. e5 Nd5 8. d3 O-O 9. Re1 d6 10. Nbd2 Qc7 11. Nc4 Ba6 12. Qc2 Rad8 13. Bg5 dxe5 14. Bd2 f6 15. Rad1 Bc8 16. h3 Nb6 17. Na5 Kh8 18.
Be3 Nd5 19. Nb3 Nxe3 20. fxe3 c4 21. dxc4 Be6 22. Nfd2 Bh6 23. Nc5 Bg8 24. b4 f5 25.
e4 f4 26. Nf3 Bg7 27. Qe2 Bf6 28.
a4 a5 29. Kh1 axb4 30. cxb4 g5 31. a5 Qc8 32. Nh2 Bf7 33. Ng4 Bg7 34. Rxd8 Rxd8 35.
Rd1 h5 36. Nf2 Bf6 37. Rxd8+ Qxd8 38. a6 Qb6 39. Qa2 Qa7 40. Qa4 Be8 41. Nfd3 g4 42. Qa5 Qa8 43. Qc7 gxh3 44. a7 hxg2+ 45. Kxg2 f3+ 46.
Kxf3 h4 47. Qb8 1-0

[Event "*** Titled Tuesday Blitz"]
[Site "Chess.com"]
[Date "2020.04.28"]
[Round "4"]
[White "Karina_Ivanova"]
[Black "ErikRonka"]
[Result "0-1"]
[WhiteElo "2211"]
[BlackElo "2427"]
[TimeControl "180+1"]
[EndTime "10:40:15 PDT"]
[Termination "ErikRonka won by resignation"]

1. Nf3 d5 2. g3 Nf6 3. Bg2 Bg4 4. h3 Bh5 5. O-O Nbd7 6. d4 e6 7. c4 c6 8. Nc3 Bd6 9. Nd2 O-O 10. Qc2 Bg6 11. e4 Rc8 12. Rd1 c5 13. dxc5 Bxc5 14.
Qb3 d4 15. Ne2 Bb6 16. Kh2 Nc5 17. Qa3 Ncxe4 18. Nxe4 Bxe4 19. f3 Bc6 20. c5 Bc7 21.
Rxd4 Qe7 22. Bg5 h6 23. Be3 e5 24. Rd2 Nd5 25. Bf2 h5 26. h4 Nf6 27. Kg1 e4 28. Nd4 exf3 29. Nxc6 bxc6 30. Bxf3 Nd5 31. Bxh5 Qf6 32. Rf1 Qh6 33. Bf3 Qxd2 0-1

[Event "*** Titled Tuesday Blitz"]
[Site "Chess.com"]
[Date "2020.04.28"]
[Round "4"]
[White "Shivagami"]
[Black "KingCrusher275"]
[Result "0-1"]
[WhiteElo "2132"]
[BlackElo "2349"]
[TimeControl "180+1"]
[EndTime "10:40:15 PDT"]
[Termination "KingCrusher275 won by resignation"]

1. d4 d5 2. c4 e6 3. Nc3 Nf6 4. cxd5 exd5 5. Bg5 Be7 6. Qc2 c6 7. e3 Nbd7 8. Bd3 h6 9. Bh4 Nh5 10. Bxe7 Qxe7 11. Nge2 Nb6 12. O-O O-O 13. Rae1 Be6 14.
e4 dxe4 15. Nxe4 Nd5 16. Nc5 Nb4 17. Bh7+ Kh8 18. Qb1 Bxa2 19. Qf5 Rae8 20. Qxh5 Kxh7 21. b3 b6 22. Nd3 Nc2 23. Ndc1 Nxe1 24. Rxe1 Qb4 25.
Rf1 Bxb3 26. Qf5+ Kg8 27. Qb1 Qc4 28. Nf4 Bc2 29. Qb2 Bf5 30. Rd1 Qc2 0-1

[Event "*** Titled Tuesday Blitz"]
[Site "Chess.com"]
[Date "2020.04.28"]
[Round "4"]
[White "tylityli"]
[Black "Zq1"]
[Result "1-0"]
[WhiteElo "2324"]
[BlackElo "2585"]
[TimeControl "180+1"]
[EndTime "10:40:17 PDT"]
[Termination "tylityli won on time"]

1. e4 c5 2. Nf3 d6 3. d4 cxd4 4. Nxd4 Nf6 5. Nc3 Nc6 6. Be2 g6 7. Be3 Bg7 8. O-O O-O 9. h3 Bd7 10.
f4 Rc8 11. Nxc6 Bxc6 12. Bf3 a6 13. Qd3 b5 14. a3 Nd7 15. Bd4 Bxd4+ 16. Qxd4 Qb6 17.
Rad1 Qxd4+ 18. Rxd4 Nb6 19. Be2 Rfd8 20. Rfd1 Re8 21. e5 dxe5 22. fxe5 Ba8 23. Kf2 Kg7 24. R1d2 Bb7 25. a4 bxa4 26. Rb4 a3 27. Rxb6 Ba8 28.
Bxa6 Rc5 29. Rd3 axb2 30. Rxb2 Rxe5 31. g4 h5 32. Re3 Rc5 33. Ne4 Bxe4 34. Rxe4 hxg4 35.
hxg4 Ra8 36. Bd3 e6 37. Rb7 g5 38. Rxe6 Ra4 39. Re4 Raa5 40. Ree7 1-0

[Event "*** Titled Tuesday Blitz"]
[Site "Chess.com"]
[Date "2020.04.28"]
[Round "4"]
[White "cukin84"]
[Black "icychess54"]
[Result "0-1"]
[WhiteElo "2069"]
[BlackElo "2261"]
[TimeControl "180+1"]
[EndTime "10:40:17 PDT"]
[Termination "icychess54 won by checkmate"]

1. e4 c5 2. Nc3 e6 3. f4 Nc6 4. Nf3 Nf6 5. Bb5 Qc7 6. d3 a6 7.
Bxc6 Qxc6 8. O-O Be7 9. h3 b5 10. Qe1 Bb7 11. Nd1 O-O 12. g4 d5 13. e5 Nd7 14.
Qg3 f5 15. Nf2 d4 16. Nd1 Nb6 17. c4 bxc4 18. dxc4 Nxc4 19. b3 fxg4 20. bxc4 gxf3 21.
Nf2 Rf5 22. Ng4 Kh8 23. Rb1 Raf8 24. Bd2 Bd8 25. Rf2 Bc7 26. Rb3 Qe4 27. Rbxf3 Bxe5 28. Nxe5 Rxe5 29. Rg2 g6 30. fxe5 Rxf3 31. Qg5 Rf5 32. Qd8+ Kg7 33. Qe7+ Rf7 34. Qxf7+ Kxf7 35. Rf2+ Kg7 36. Kf1 Qb1+ 37. Ke2 Qe4+ 38. Kf1 d3 39. Bg5 Qh1# 0-1